Map: 16-Bit LE

Players

IIIIIIIIIIII

  • Race: Zerg Zerg
  • Spawn Location: 7:00

SHODAN - Winner!

  • Race: Terran Terran
  • League: Master
  • Spawn Location: 1:00

VOD

Have the link to the VOD?

Description

Time

  • Played on: May 16, 2018, 5:35 a.m.
  • Length: 13:48
Show
View Real Time Build Order
Export as new Build Order

IIIIIIIIIIII Zerg 

Build Orders: Hatch First 

Get SALT Encoding   

  12  0:03  Drone  
  13  0:14  Overlord  
  13  0:18  Drone  
  14  0:35  Drone x2  
  16  0:41  Drone  
  17  0:57  Hatchery  
  17  0:58  Drone  
  17  1:02  Drone  
  18  1:14  Extractor  
  17  1:19  Spawning Pool  
  17  1:20  Drone  
  17  1:24  Drone  
  18  1:34  Drone  
  19  1:45  Overlord  
  19  1:55  Drone  
  20  2:06  Drone  
  21  2:11  Queen x2  
  21  2:12  Zergling x2  
  26  2:19  Zergling x2  
  26  2:21  Drone  
  28  2:29  Drone  
  29  2:34  Drone x2  
  31  2:49  Hatchery  
  30  3:02  Drone x2  
  30  3:03  Overlord, Queen  
  30  3:05  Drone x2  
  36  3:21  Drone  
  37  3:31  Queen  
  39  3:36  Drone x2  
  39  3:37  Overlord  
  41  3:46  Drone x3  
  44  3:54  Drone, Evolution Chamber  
  44  3:55  Evolution Chamber  
  44  3:59  Roach Warren  
  44  4:02  Queen  
  46  4:09  Drone  
  47  4:10  Drone x8  
  55  4:17  Overlord  
  55  4:19  Drone x3  
  58  4:27  Lair  
  56  4:33  Overlord  
  56  4:36  Spore Crawler  
  55  4:39  Spore Crawler  
  54  4:47  Extractor  
  53  4:53  Overlord  
  53  4:54  Spore Crawler  
  53  4:55  Drone x3  
  53  4:56  Overlord, Drone x2  
  53  4:59  Drone x3  
  61  5:00  Drone x2  
  61  5:05  Zerg Missile Weapons Level 1  
  62  5:07  Overlord x2  
  62  5:13  Queen  
  64  5:18  Extractor  
  64  5:19  Drone  
  64  5:20  Drone x4  
  64  5:21  Extractor  
  67  5:23  Drone x3  
  70  5:35  Glial Reconstitution  
  70  5:37  Drone x2  
  70  5:38  Overlord, Drone  
  70  5:41  Extractor  
  72  5:45  Roach  
  72  5:46  Roach x3  
  80  6:00  Overlord  
  80  6:07  Ravager  
  81  6:14  Hatchery  
  81  6:17  Ravager x2  
  80  6:45  Extractor  
  79  6:49  Overlord  
  79  6:50  Roach x9  
  97  7:03  Overlord  
  97  7:04  Zerg Missile Weapons Level 2, Drone x2  
  97  7:07  Zerg Ground Armor Level 1  
  99  7:19  Overlord  
  99  7:21  Roach  
  99  7:22  Roach x2  
  105  7:28  Drone  
  106  7:34  Drone x4  
  110  7:39  Drone x2  
  112  7:46  Drone x3  
  112  7:47  Overlord, Drone  
  116  7:55  Roach x7  
  127  8:01  Spore Crawler  
  127  8:05  Overlord  
  125  8:14  Roach x6  
  125  8:15  Ravager  
  125  8:16  Queen, Ravager x4  
  144  8:27  Infestation Pit  
  144  8:28  Hydralisk Den, Ravager x3  
  144  8:30  Overlord  
  141  8:39  Roach x7  
  151  8:45  Hatchery  
  149  8:55  Drone  
  149  8:56  Spore Crawler, Drone  
  149  9:02  Zerg Ground Armor Level 2  
  149  9:04  Hive  
  149  9:10  Extractor x2, Drone x9  
  149  9:12  Ravager x2  
  149  9:16  Drone  
  149  9:17  Drone x2  
  160  9:21  Overlord x5  
  160  9:35  Overseer  
  160  9:43  Pathogen Glands  
  160  9:45  Grooved Spines  
  156  10:02  Roach x3  
  156  10:03  Roach x17  
  196  10:14  Overlord x2  
  196  10:18  Spore Crawler  
  191  10:25  Hatchery, Hydralisk x4, Roach  
  192  10:49  Ultralisk Cavern  
  191  10:50  Adrenal Glands  
  191  10:56  Muscular Augments  
  191  11:21  Drone x6  
  189  11:57  Hatchery  
  175  12:03  Ultralisk x4  
  189  12:12  Ultralisk  
  180  12:33  Ultralisk x2  
  128  13:22  Hydralisk x2  
Show
View Real Time Build Order
Export as new Build Order

SHODAN Terran - Winner!

Build Orders: Liberator Opening, Reaper Expand, Bio Tank 

Get SALT Encoding   

  12  0:00  SCV  
  13  0:12  SCV  
  14  0:18  Supply Depot  
  14  0:25  SCV  
  15  0:30  Refinery  
  15  0:39  SCV  
  16  0:46  Barracks  
  16  0:52  SCV  
  17  1:04  SCV  
  18  1:16  SCV  
  19  1:32  Orbital Command  
  19  1:33  Reaper  
  20  1:48  Command Center  
  20  1:57  Factory  
  20  2:01  SCV  
  20  2:07  Barracks Reactor  
  21  2:09  Refinery  
  21  2:13  SCV  
  22  2:20  Supply Depot  
  22  2:26  SCV  
  23  2:42  Starport, SCV  
  23  2:44  Widow Mine, Marine  
  27  2:54  SCV  
  28  3:00  Orbital Command  
  28  3:02  Marine  
  28  3:03  Refinery  
  29  3:08  SCV  
  29  3:10  Factory Tech Lab  
  30  3:20  SCV  
  30  3:27  Liberator  
  31  3:28  Fusion Core  
  31  3:29  SCV  
  32  3:34  SCV  
  32  3:38  Factory Tech Lab  
  36  3:51  SCV  
  36  3:52  SCV  
  36  3:53  Supply Depot  
  38  4:03  SCV  
  38  4:09  SCV  
  40  4:15  Siege Tank  
  40  4:16  SCV  
  44  4:17  Advanced Ballistics  
  44  4:20  Liberator  
  44  4:22  SCV  
  45  4:28  Supply Depot, SCV  
  46  4:34  SCV  
  46  4:36  Refinery  
  50  4:40  SCV  
  50  4:41  Marine x2  
  53  4:46  SCV  
  53  4:51  Command Center  
  54  4:54  SCV  
  54  4:58  Supply Depot, SCV  
  56  5:06  SCV  
  57  5:09  Liberator  
  57  5:10  SCV, Barracks  
  57  5:11  Barracks  
  58  5:14  Supply Depot  
  58  5:18  SCV  
  59  5:22  Siege Tank, SCV  
  66  5:30  SCV  
  66  5:32  Barracks Tech Lab  
  66  5:34  SCV  
  68  5:42  SCV  
  69  5:46  SCV  
  69  5:48  Barracks x2  
  70  6:07  SCV x2  
  70  6:08  Siege Tank, Marine  
  70  6:09  Marine  
  70  6:10  Stimpack  
  77  6:17  Factory  
  77  6:19  SCV  
  77  6:20  SCV  
  77  6:21  Starport Reactor  
  77  6:22  Marine, Barracks Reactor  
  77  6:26  Marine  
  77  6:32  Orbital Command  
  78  6:33  SCV x2  
  77  6:40  Supply Depot x2  
  77  6:41  Supply Depot  
  77  6:45  SCV  
  77  6:46  SCV  
  79  6:55  Refinery  
  79  6:56  Barracks Reactor x2, Marine x2  
  79  6:57  SCV  
  79  6:58  Marauder, SCV, Medivac x2  
  89  7:01  Siege Tank x2  
  89  7:06  Supply Depot  
  89  7:07  Supply Depot  
  95  7:10  Supply Depot, SCV x2  
  95  7:11  Engineering Bay  
  95  7:13  Engineering Bay  
  97  7:16  SCV  
  97  7:19  Refinery  
  97  7:22  SCV  
  99  7:29  Marauder, Marine x4  
  102  7:31  Medivac x2  
  109  7:38  Marine x2  
  109  7:42  Terran Infantry Weapons Level 1, Terran Infantry Armor Level 1  
  111  7:51  Siege Tank x2  
  111  7:55  SCV  
  118  8:02  Command Center  
  118  8:10  SCV x3  
  120  8:14  Marine  
  120  8:15  Marauder, Marine x6  
  129  8:22  SCV x3  
  132  8:29  Armory  
  132  8:30  Siege Tank x2, Marine  
  139  8:36  Marauder, Starport  
  141  8:42  Supply Depot x2  
  141  8:43  Supply Depot  
  141  8:46  Liberator  
  141  8:47  Liberator  
  141  8:59  Supply Depot x2  
  141  9:01  Supply Depot  
  141  9:03  Marine x5  
  141  9:04  Marine x4  
  156  9:11  Siege Tank x2  
  162  9:22  Marine  
  163  9:27  Marauder, Marine x4  
  169  9:33  Marine x3  
  169  9:35  Starport Reactor  
  169  9:37  Terran Infantry Armor Level 2, Terran Infantry Weapons Level 2, Terran Vehicle Weapons Level 1  
  172  9:39  Marine  
  172  9:42  Planetary Fortress  
  173  9:46  Medivac  
  173  9:47  Medivac  
  173  9:49  Marine x3  
  173  9:50  Marauder, Siege Tank  
  185  9:59  Refinery, Liberator  
  185  10:03  Refinery  
  183  10:14  Marauder, Marine x8  
  183  10:15  Siege Tank  
  183  10:19  SCV  
  183  10:20  Barracks x2  
  197  10:22  Barracks  
  197  10:23  Liberator  
  197  10:24  Liberator  
  197  10:25  Liberator  
  196  10:28  Command Center  
  196  10:32  Combat Shield  
  192  10:50  Marauder, Marine x6  
  189  11:50  Concussive Shells  
  181  12:19  Liberator x3  
  181  12:35  Marauder, Siege Tank x2  
  195  12:51  Command Center x2  
  195  12:54  Command Center  
  182  13:06  Supply Depot  
  182  13:07  Supply Depot x2  
Tags
 
Add a new tag
Caveats
  • Supply blocks, unpowered buildings, or Contaminate may cause inaccurate times.
  • Supply counts are checked every 10 seconds.